 Dungeon Crawl Stone Soup version 0.31-a0-1620-gcbf77bbcfc (webtiles) character file.

Game seed: 14471912366668433918

2999 James the Grappler (level 9, -6/58 HPs)
             Began as an Octopode Shapeshifter on Jan 11, 2024.
             Was an Initiate of Gozag.
             Mangled by an orc warrior
             ... wielding a +0 glaive
              (11 damage)
             ... on level 8 of the Dungeon.
             The game lasted 00:26:04 (8673 turns).

James the Grappler (Octopode Shapeshifter)          Turns: 8673, Time: 00:26:04

Health: -6/58      AC:  1    Str: 18    XL:     9   Next: 84%
Magic:  9/9        EV: 14    Int: 18    God:    Gozag
Gold:   943        SH:  7    Dex: 17    Spells: 8/8 levels left

rFire   . .          .
                       - Unarmed
rCold   . . .        E - +2 buckler {reflect}
rNeg    . . .        (helmet currently unavailable)
rPois   .            (no amulet)
rElec   .            y - +6 ring of dexterity
rCorr   .            C - +6 ring of intelligence
SInv    .            (no ring)
Will    .....        (no ring)
Stlth   ++++         (no ring)
HPRegen 0.29/turn    (no ring)
MPRegen 0.11/turn    (no ring)
                     (no ring)

%: reflection
@: beast-form, slowed, very slow
A: beast (slay +4), almost no armour, amphibious, 8 rings, camouflage 1,
gelatinous body 1, (nimble swimmer 1), tentacles
a: Begin Untransformation, Renounce Religion, Potion Petition, Call Merchant,
Bribe Branch


You were on level 8 of the Dungeon.
You worshipped Gozag.
Gozag was pleased with you.
You were a hulking beast.
You visited 2 branches of the dungeon, and saw 9 of its levels.
You also visited: Bailey.

You collected 1020 gold pieces.
You paid 77 gold pieces to Gozag.

Inventory:

Hand Weapons
 a - a +0 dagger of speed
   (You took it off an orc priest on level 5 of the Dungeon)
 b - a +3 dagger of venom
   (You took it off a goblin on level 2 of the Dungeon)
 p - a +0 sling
   (You found it on level 2 of the Dungeon)
 w - a +0 spear
   (You found it on level 3 of the Dungeon)
 x - the +2 quarterstaff "Okucyoz" {heavy, rF+ rN++ rCorr Dex+4}
   (You found it in a bailey)

   Dex+4:     It affects your dexterity (+4).
   rF+:       It protects you from fire.
   rN++:      It greatly protects you from negative energy.
   rCorr:     It protects you from acid and corrosion.
 A - a +0 dagger of distortion {!w}
   (You took it off an orc wizard on level 6 of the Dungeon)
 B - a +0 dagger of electrocution
   (You took it off a kobold on level 6 of the Dungeon)
 J - a +2 vampiric halberd {!w}
   (You took it off a vampire in a bailey)
Missiles
 i - 85 stones
 m - 17 poisoned darts (quivered)
 D - 5 boomerangs
Armour
 h - a +1 buckler
   (You found it on level 1 of the Dungeon)
 v - a +2 tower shield
   (You found it on level 4 of the Dungeon)
 E - a +2 buckler of reflection (worn)
   (You found it on level 6 of the Dungeon)
Magical Staves
 g - a staff of death
   (You found it on level 4 of the Dungeon)
 r - a staff of alchemy
   (You found it on level 2 of the Dungeon)
Jewellery
 y - a +6 ring of dexterity (left tentacle)
   (You found it on level 6 of the Dungeon)
 C - a +6 ring of intelligence (right tentacle)
   (You found it on level 6 of the Dungeon)
Talismans
 c - a flux talisman
 k - a beast talisman
Wands
 d - a wand of iceblast (2)
   (You found it on level 3 of the Dungeon)
 F - a wand of mindburst (24)
   (You found it on level 7 of the Dungeon)
Scrolls
 e - a scroll of vulnerability {!r}
 f - 3 scrolls of summoning
 n - 3 scrolls of enchant weapon
 s - 3 scrolls of teleportation {@r4}
 u - 2 scrolls of fear
Potions
 j - a potion of curing {@q1}
 l - 3 potions of enlightenment
 o - a potion of mutation {!q}
 q - 3 potions of heal wounds {@q2}
 t - a potion of ambrosia {unknown}
 z - a potion of brilliance {unknown}
 G - 2 potions of magic
 H - a potion of invisibility
 I - a potion of might


   Skills:
 - Level 4.0 Fighting
 - Level 4.0 Dodging
 - Level 5.0 Stealth
 - Level 4.0 Shields
 + Level 9.0 Unarmed Combat
 - Level 7.0 Shapeshifting


You had 8 spell levels left.
You didn't know any spells.
Your spell library contained the following spells:

 Spells                   Type           Power      Damage    Failure   Level
 Freeze                   Ice            0%         1d3       28%         1
 Sandblast                Erth           0%         2d4       28%         1
 Cigotuvi's Dreadful Rot  Necr/Alch/Air  0%         N/A       38%         2
 Dazzling Flash           Conj/Hex       0%         N/A       63%         3
 Frozen Ramparts          Ice            0%         1d1       63%         3
 Fugue of the Fallen      Necr           0%         N/A       63%         3
 Hailstorm                Conj/Ice       0%         3d5       63%         3
 Mephitic Cloud           Conj/Alch/Air  0%         N/A       63%         3
 Ozocubu's Armour         Ice            0%         N/A       63%         3
 Passwall                 Erth           0%         N/A       63%         3
 Stone Arrow              Conj/Erth      0%         3d7       63%         3
 Brom's Barrelling Bould  Conj/Erth      0%         2d3       95%         4
 Dispel Undead            Necr           0%         3d6       95%         4
 Manifold Assault         Tloc           0%         N/A       95%         4
 Martyr's Knell           Necr/Summ      0%         N/A       95%         4
 Curse of Agony           Necr           0%         N/A       100%        5
 Silence                  Hex/Air        0%         N/A       100%        5
 Death Channel            Necr           0%         N/A       100%        6


Dungeon Overview and Level Annotations

Branches:
Dungeon (8/15)             Temple (1/1) D:5          Bailey (visited)
   Lair: D:8-11

Altars:
Ashenzari
Cheibriados
Dithmenos
Elyvilon
Fedhas
Gozag
Hepliaklqana
Kikubaaqudgha
Makhleb
Nemelex Xobeh
Okawaru
Ru
Sif Muna
Trog
Uskayaw
Vehumet
Wu Jian
Xom
Zin
The Shining One

Annotations:
D:5 exclusion: wraith
D:8 1 runed translucent door, Erica; Psyche; anet's ghost, novice HOCj


Innate Abilities, Weirdness & Mutations

You are a hulking beast.
Your limbs bulge with bestial killing power. (Slay +4)
You cannot wear most types of armour.
You are amphibious.
You can wear up to eight rings at the same time.
Your skin changes colour to match your surroundings (Stealth+).
Your rubbery body absorbs attacks. (AC +1, EV +1)
((You are camouflaged when in or above water. (Stealth+)))
You have tentacles for arms and can constrict up to eight enemies at once.


Message History

H - a potion of invisibility
Found 9 gold pieces.
Found a stone staircase leading down.
You now have 943 gold pieces (gained 9).
Found a dagger.
As you open the door, it creaks loudly!
Erica the Fiery-Tempered comes into view.
She is wielding a +2 scimitar of flaming.
Erica shouts!
You hear a shout! x2
Okay, then.
Erica casts a spell at you. You resist with significant effort.
An orc warrior comes into view. It is wielding a +0 glaive.
The orc warrior shouts!
An orc comes into view. It is wielding a +0 dagger.
Erica stares at you and mumbles some strange words.
You feel yourself slow down.
Erica mumbles some strange words.
Erica flickers and vanishes!
Deactivating autopickup; reactivate with Ctrl-A.
Okay, then.
Press: ? - help, v - describe, . - travel The floor.
Unknown command.
Press: ? - help, v - describe, . - travel The floor.
Okay, then.
Unknown command.
You hear some strange, mumbled words.
A bolt of poison appears from out of thin air!
The bolt of poison misses you.
You feel as though you will be slow longer.
The orc warrior hits you from afar with a +0 glaive!
An orc priest comes into view. It is wielding a +0 short sword.
You block the orc warrior's attack.
You tentacle-slap the orc warrior. You grab the orc warrior.
You constrict the orc warrior, but do no damage.
The orc warrior hits you with a +0 glaive.
The orc priest calls down the wrath of Beogh upon you.
Beogh smites you! The orc warrior closely misses you.
You tentacle-slap the orc warrior. You constrict the orc warrior.
The orc warrior hits you with a +0 glaive!
* * * LOW HITPOINT WARNING * * *
You tentacle-slap the orc warrior but do no damage.
You constrict the orc warrior.
The orc priest calls down the wrath of Beogh upon you.
Beogh smites you!
* * * LOW HITPOINT WARNING * * *
The orc warrior hits you with a +0 glaive!
You die...
Your body crumbles into a pile of gold.

..........##......##.###....#####
..........###....###.###....##...
..........##########.........+...
..##......+⌠......⌠'........##...
..##..?...#.._.._..#........##..[
..........#⌠......⌠#..##....##...
..........#........#.+####'###...
..##>.....##########........##...
..##.......o.o{oh...........##...
..........#...######..##.........
..........##..###.###'##....##...
..##..##........+.....##....##...
..##..##........#...........##...
..##............#...........##...
...#...........##.....##.....#...
..######.......##.....##.....+...
..# #..............# ....##...


You could see an orc warrior, an orc priest and an orc.

Vanquished Creatures
  A gargoyle (Bailey)
  A vampire (Bailey)
  2 water moccasins
  2 black bears (D:5)
  2 sky beasts (D:6)
  An ogre (D:5)
  2 ice beasts
  A centaur (D:8)
  A kobold brigand (D:6)
  A bullfrog (D:5)
  A scorpion (D:5)
  8 vampire bats (Bailey)
  3 howler monkeys
  8 wolf zombies (Bailey)
  3 orc priests
  A gnoll bouda (D:5)
  3 hounds
  2 jellies
  A sleepcap (D:3)
  Jessica (D:2)
  2 iguanas
  Terence (D:2)
  3 orc wizards (D:6)
  4 gnolls
  2 adders
  4 ufetubi
  3 dart slugs
  2 ribbon worms
  15 orcs
  3 bats
  4 endoplasms
  2 giant cockroaches (D:4)
  10 goblins
  5 hobgoblins
  13 kobolds
  5 quokkas
  10 ball pythons
  6 frilled lizards
  17 orc zombies (Bailey)
  6 rats
  A spectral kobold (D:2)
163 creatures vanquished.

Vanquished Creatures (collateral kills)
  A gnoll (D:5)
1 creature vanquished.

Grand Total: 164 creatures vanquished

Notes
Turn   | Place    | Note
-------+----------+-------------------------------------------
     0 | D:1      | James the Octopode Shapeshifter began the quest for the
                  | Orb.
     0 | D:1      | Reached XP level 1. HP: 13/13 MP: 1/1
   154 | D:1      | Reached XP level 2. HP: 9/18 MP: 2/2
   993 | D:2      | Noticed Terence
  1054 | D:2      | Reached skill level 4 in Unarmed Combat
  1075 | D:2      | Found a faded altar of an unknown god.
  1139 | D:2      | Reached XP level 3. HP: 14/23 MP: 3/3
  1352 | D:2      | Noticed Jessica
  1355 | D:2      | Killed Jessica
  1383 | D:2      | Reached XP level 4. HP: 29/29 MP: 4/4
  1789 | D:3      | Found a glowing silver altar of Zin.
  2681 | D:3      | Found a radiant altar of Vehumet.
  2978 | D:4      | Reached XP level 5. HP: 27/34 MP: 5/5
  3290 | D:4      | Reached skill level 5 in Unarmed Combat
  3317 | D:4      | Reached skill level 1 in Stealth
  3730 | D:4      | Found a snail-covered altar of Cheibriados.
  3730 | D:4      | Found a blossoming altar of Fedhas.
  3778 | D:5      | Entered Level 5 of the Dungeon
  3811 | D:5      | Noticed a black bear
  3882 | D:5      | Reached XP level 6. HP: 39/39 MP: 6/6
  4140 | D:5      | Found a staircase to the Ecumenical Temple.
  4238 | D:5      | Reached skill level 5 in Stealth
  4275 | D:5      | Noticed a black bear
  4318 | D:5      | HP: 1/39 [gnoll/+0 club[a gnoll bouda] (2)]
  4657 | Temple   | Entered the Ecumenical Temple
  4675 | Temple   | Became a worshipper of Gozag Ym Sagoz the Greedy
  4716 | D:5      | Reached XP level 7. HP: 45/45 MP: 7/7
  5264 | D:5      | Noticed a wraith
  5474 | D:2      | Killed Terence
  5475 | D:2      | Reached skill level 6 in Unarmed Combat
  5676 | D:5      | Reached skill level 5 in Shapeshifting
  5676 | D:5      | Reached XP level 8. HP: 34/52 MP: 8/8
  5993 | D:6      | Reached skill level 7 in Unarmed Combat
  6816 | D:7      | Reached skill level 1 in Shields
  6816 | D:7      | Reached skill level 8 in Unarmed Combat
  6887 | D:7      | Found a flagged portal.
  6945 | Bailey   | Entered a bailey
  7074 | Bailey   | Reached XP level 9. HP: 38/56 MP: 9/9
  7473 | Bailey   | Noticed a gargoyle
  7484 | Bailey   | Killed a gargoyle
  7683 | Bailey   | Identified the +2 quarterstaff "Okucyoz" {heavy, rF+ rN++
                  | rCorr Dex+4}
  8223 | D:8      | Noticed anet's ghost (novice HOCj)
  8226 | D:8      | Found a runed translucent door.
  8403 | D:8      | Found an ancient bone altar of Kikubaaqudgha.
  8403 | D:8      | Found a hazy altar of Hepliaklqana.
  8434 | D:8      | Reached skill level 9 in Unarmed Combat
  8576 | D:8      | Noticed Psyche
  8645 | D:8      | Noticed Erica
  8673 | D:8      | Mangled by an orc warrior

Illustrated notes

Levels and vault maps discovered:
D:1:      lightli_arrival_farm, layout_basic
D:2:      layout_loops_ring, dreamdust_ecumenical_altar_drowned_temple,
          uniq_terence, uniq_jessica
D:3:      layout_loops_cross, mainiacjoe_overflow_alcove_2,
          mainiacjoe_overflow_alcove_1, kennysheep_crisscross, minmay_quantized
D:4:      layout_cave_pools, amethyst_overflow_temple_binary, minmay_checkerbox
D:5:      layout_cave_pods, minmay_temple_entry_mini_moons
D:6:      layout_basic
D:7:      layout_rooms, enter_bailey_5
D:8:      layout_gridville, jmf_multi_god_temple,
          hellmonk_ghost_happy_afterlife, uniq_psyche, uniq_erica
Temple:   jpeg_temple_clearing

Skill      XL: |  1  2  3  4  5  6  7  8  9 |
---------------+----------------------------+-----
Unarmed Combat | 4 5 6 8 9 |  9.0
Fighting       | 2 3 4 |  4.0
Shapeshifting  | 4 5 7 |  7.0
Stealth        | 4 5 |  5.0
Dodging        | 3 4 |  4.0
Shields        | 3 4 |  4.0

Action                     |  1- 3 |  4- 6 |  7- 9 || total
---------------------------+-------+-------+-------++-------
  Melee: Unarmed           |    51 |   106 |   201 ||   358
         Constrict         |    10 |    26 |    54 ||    90
         Tentacles         |     5 |    25 |    46 ||    76
         Punch             |     1 |     4 |     8 ||    13
  Throw: Dart              |       |     6 |     6 ||    12
  Evoke: Wand              |       |     1 |       ||     1
    Use: Scroll            |       |    14 |     6 ||    20
         Potion            |       |     1 |     2 ||     3
   Stab: Sleeping          |     6 |     4 |    19 ||    29
         Distracted        |       |     2 |     1 ||     3
 Armour: Skin              |    16 |    63 |    68 ||   147
  Dodge: Dodged            |    26 |    89 |    90 ||   205
  Block: Buckler           |       |       |    44 ||    44
         Reflection        |       |       |     1 ||     1

Table legend: (Time is in decaauts)
 A = Elapsed time spent in this place.
 B = Non-inter-level travel time spent in this place.
 C = Inter-level travel time spent in this place.
 D = Time resting spent in this place.
 E = Time spent auto-exploring this place.
 F = Levels seen in this place.
 G = Mean time per level.
                   A        B        C        D        E       F      G
               +--------+--------+--------+--------+--------+-----+--------+
         Total |   8653 |   8145 |    508 |   1649 |   4026 |  10 |  865.3 |
       Dungeon |   7772 |   7298 |    474 |   1370 |   3953 |   8 |  971.5 |
        Temple |     36 |      2 |     34 |      0 |      0 |   1 |   36.0 |
        Bailey |    844 |    844 |      0 |    279 |     73 |   1 |  844.0 |
               +--------+--------+--------+--------+--------+-----+--------+

Top non-repeatable levels by time:
     D:5: 1683 daAuts
     D:3: 1142 daAuts
     D:4: 1124 daAuts
     D:6: 1012 daAuts
     D:1: 963 daAuts
  Bailey: 844 daAuts
     D:2: 830 daAuts
     D:8: 581 daAuts
     D:7: 434 daAuts
  Temple: 36 daAuts
